 Dungeon Sprint DCSS version 0.20-a0-785-g17250f0 (webtiles) character file.

963 Gorglomux the Warrior (level 8, -1/85 HPs)
             Began as a Formicid Fighter on Feb 27, 2017.
             Was a Believer of Uskayaw.
             Killed from afar by a deep elf knight (40 damage)
             ... with a shard of ice
             ... in the Dungeon (Sprint V: "Ziggurat Sprint").
             The game lasted 00:03:05 (985 turns).

Gorglomux the Warrior (Formicid Fighter)             Turns: 985, Time: 00:03:06

Health: -1/85      AC: 16    Str: 21    XL:     8   Next: 37%
Magic:  8/8        EV:  6    Int: 10    God:    Uskayaw [**....]
Gold:   0          SH: 17    Dex: 10    Spells: 7/7 levels left

rFire    + + +     SeeInvis +   N - +7 great mace "Firestarter" {inner flame, rF++}
rCold    x . .     Gourm    .   D - +5 fire dragon scales
rNeg     . . .     Faith    .   E - +3 large shield
rPois    .         Spirit   .   (helmet unavailable)
rElec    .         Reflect  .   (no cloak)
rCorr    .         Harm     .   z - +1 pair of gloves {archery}
MR       .....                  (no boots)
Stlth    ..........             (no amulet)
Regen    0.3/turn               (no ring)
MPRegen  0.2/turn               (no ring)

@: drained
A: permanent stasis, dig shafts and tunnels, four strong arms, antennae 3
a: Dig, Stomp, Line Pass, Renounce Religion


You were in the Dungeon.
You worshipped Uskayaw.
Uskayaw was noncommittal.
You were not hungry.

You visited 1 branch

Inventory:

Hand Weapons
 a - a +0 flail
 K - the +7 longbow "Piercer" {penet, EV-2}
   (You found it in the Dungeon)

   Ammo fired by it will pass through the targets it hits, potentially hitting
   all targets in its path until it reaches maximum range.
   It affects your evasion (-2).
 L - the +9 heavy crossbow "Sniper" {velocity, Acc+∞ SInv}
   (You found it in the Dungeon)

   Any bolt fired from it inflicts extra damage.
   It lets you see invisible.
 M - the +8 lance "Wyrmbane" {slay drac, rPois rF+ rC+ AC+3}
   (You found it in the Dungeon)

   It affects your AC (+3).
   It protects you from fire.
   It protects you from cold.
   It protects you from poison.
 N - the +7 great mace "Firestarter" (weapon) {inner flame, rF++}
   (You found it in the Dungeon)

   It has been specially enchanted to burn those struck by it, causing extra
   injury to most foes and up to half again as much damage against particularly
   susceptible opponents.
   It greatly protects you from fire.
Missiles
 O - 1000 sling bullets
 P - 1000 bolts
 Q - 1000 arrows
Armour
 b - a +0 scale mail
 c - a +0 shield
 z - a +1 pair of gloves of archery (worn)
 C - a +5 crystal plate armour
 D - +5 fire dragon scales (worn)
 E - a +3 large shield (worn)
Scrolls
 B - 4 scrolls of blinking
 H - 3 scrolls of recharging
 I - 7 scrolls of fog
 J - a scroll of holy word
 R - 5 scrolls of identify
 S - 5 scrolls of remove curse
 T - 2 scrolls of fear
 Z - 4 scrolls of amnesia
Potions
 d - 6 potions of might
 e - 10 potions of curing
 g - 10 potions of heal wounds
 h - 6 potions of haste
 i - 7 potions of magic
 j - 3 potions of berserk rage
 U - 2 potions of brilliance
 V - 2 potions of invisibility
 W - 4 potions of resistance
 X - a potion of experience
 Y - 5 potions of agility
Miscellaneous
 y - a fan of gales
Comestibles
 f - 5 bread rations
 A - 3 chunks of flesh
 F - 42 fruits
 G - 4 meat rations


   Skills:
 - Level 15.8(15.0) Fighting
 - Level 7.6(7.0) Maces & Flails
 + Level 4.2(3.7) Armour
 + Level 2.0(1.4) Dodging
 + Level 4.7(4.1) Shields


You had 7 spell levels left.
You didn't know any spells.

Dungeon Overview and Level Annotations

Branches:
Dungeon (1/1)

Altars:
Ashenzari
Cheibriados
Dithmenos
Elyvilon
Fedhas
Gozag
Hepliaklqana
Kikubaaqudgha
Makhleb
Nemelex Xobeh
Okawaru
Qazlal
Ru
Sif Muna
Trog
Uskayaw
Vehumet
Wu Jian
Xom
Yredelemnul
Zin
The Shining One
Beogh
Jiyva
Lugonu


Innate Abilities, Weirdness & Mutations

You cannot be hasted, slowed, berserked, paralysed or teleported.
You can dig through walls and to a lower floor.
Your four strong arms can wield two-handed weapons with a shield.
You have a pair of large antennae on your head. (SInv)


Message History

You bludgeon the air elemental!! You burn the air elemental.
The air elemental explodes!
The fiery explosion engulfs the deep elf knight.
The deep elf knight is heavily wounded.
The fiery explosion engulfs you! You resist.
The fiery explosion engulfs the deep elf mage.
The deep elf mage is almost dead.
Your Armour skill increases to level 4!
Your Dodging skill gained 2 levels and is now at level 2!
Your Shields skill increases to level 4!
The deep elf knight is engulfed in blazing flames.
The deep elf knight completely misses you.
The deep elf archer shoots an arrow.
You block the arrow.
The deep elf mage points at you and mumbles some strange words.
The bolt of negative energy hits you!
You feel drained.
* * * LOW HITPOINT WARNING * * *
The deep elf knight is engulfed in blazing flames.
The deep elf knight gestures at you while chanting.
The shard of ice hits you!
You feel a painful chill!
You die...

▓†....▓.....▓.....▓
▓.....▓.....▓▓▓▓▓▓▓
▓▓▓▓▓▓▓▓▓▓▓▓▓▓
▓..8©8...▓
▓..}[:...▓ {{{
▓.e.:....▓ { {
▓..§§§...▓
▓..§§e...▓
▓..§@e...▓
▓........▓
▓▓▓▓▓▓▓▓▓▓


{{{{ {{{ You could see a deep elf archer, a deep elf knight (invisible) and a
deep elf mage.

Vanquished Creatures
  2 jumping spiders (D)
  An air elemental (D)
  A tarantella (D)
  4 scorpions (D)
  2 orc priests (D)
10 creatures vanquished.

Vanquished Creatures (others)
  A spatial maelstrom (D)
  Menkaure (D)
2 creatures vanquished.

Grand Total: 12 creatures vanquished

Notes
Turn   | Place    | Note
-------+----------+-------------------------------------------
     0 | D        | Gorglomux the Formicid Fighter began the quest for the Orb.
     0 | D        | Reached XP level 1. HP: 18/18 MP: 1/1
     2 | D        | Killed Menkaure
     3 | D        | Found a blossoming altar of Fedhas.
     5 | D        | Found a viscous altar of Jiyva.
     5 | D        | Found a hazy altar of Hepliaklqana.
     5 | D        | Found an ancient bone altar of Kikubaaqudgha.
     5 | D        | Found an opulent altar of Gozag.
     5 | D        | Found a corrupted altar of Lugonu.
     8 | D        | Found a burning altar of Makhleb.
     9 | D        | Found a sacrificial altar of Ru.
     9 | D        | Found a stormy altar of Qazlal.
     9 | D        | Found a deep blue altar of Sif Muna.
     9 | D        | Found an iron altar of Okawaru.
     9 | D        | Found a bloodstained altar of Trog.
     9 | D        | Found a sparkling altar of Nemelex Xobeh.
     9 | D        | Banished a spatial maelstrom
   139 | D        | Became a worshipper of Uskayaw the Reveler
   155 | D        | Entered arena 1.
   155 | D        | Noticed an orc priest
   155 | D        | Noticed an orc priest
   157 | D        | Killed an orc priest
   157 | D        | Reached skill level 6 in Maces & Flails
   157 | D        | Reached XP level 2. HP: 24/24 MP: 2/2
   157 | D        | Reached XP level 3. HP: 29/29 MP: 3/3
   157 | D        | Reached * piety under Uskayaw
   159 | D        | Reached ** piety under Uskayaw
   161 | D        | Reached XP level 4. HP: 3/35 MP: 4/4
   465 | D        | Entered arena 2.
   465 | D        | Noticed a jumping spider
   474 | D        | Reached skill level 6 in Fighting
   474 | D        | Reached XP level 5. HP: 36/47 MP: 5/5
   479 | D        | Reached *** piety under Uskayaw
   481 | D        | Killed a jumping spider
   481 | D        | Reached skill level 12 in Fighting
   481 | D        | Reached XP level 6. HP: 12/64 MP: 2/6
   481 | D        | Reached XP level 7. HP: 11/71 MP: 2/7
   764 | D        | Entered arena 3.
   764 | D        | Noticed a jumping spider
   764 | D        | Noticed a tarantella
   771 | D        | Killed a jumping spider
   771 | D        | Reached skill level 13 in Fighting
   771 | D        | Killed a tarantella
   771 | D        | Reached skill level 14 in Fighting
   771 | D        | Reached skill level 15 in Fighting
   771 | D        | Reached XP level 8. HP: 48/85 MP: 8/8
   979 | D        | Entered arena 4.
   979 | D        | Noticed a deep elf archer
   979 | D        | Noticed an air elemental
   979 | D        | Noticed a deep elf mage
   979 | D        | Noticed a deep elf knight
   985 | D        | Killed an air elemental
   985 | D        | Killed from afar by a deep elf knight

Vault maps used:
D:        sprint_v

Skill      XL: |  1  2  3  4  5  6  7  8 |
---------------+-------------------------+-----
Maces & Flails | 6 7 |  7.6
Fighting       | 6 12 15 | 15.8
Armour         | 4 |  4.2
Dodging        | 2 |  2.0
Shields        | 4 |  4.7

Action                   |  1- 3 |  4- 6 |  7- 9 || total
-------------------------+-------+-------+-------++-------
Melee: Great mace        |     5 |    11 |    10 ||    26
Invok: Stomp             |       |     1 |       ||     1
Armor: Scale mail        |     1 |       |       ||     1
       Fire dragon scale |       |    20 |    20 ||    40
Dodge: Dodged            |     1 |     5 |     8 ||    14
Block: Shield            |     1 |       |       ||     1
       Large shield      |       |    29 |    25 ||    54
